 Dungeon Crawl Stone Soup version 0.23-a0-607-g760965b7 (webtiles) character file.

9 russianmonk1111 the Vexing (level 2, -1/21 HPs)
             Began as a Formicid Arcane Marksman on Dec 20, 2018.
             Succumbed to a kobold's poison
             ... on level 1 of the Dungeon.
             The game lasted 00:02:36 (544 turns).

russianmonk1111 the Vexing (FoAM)                    Turns: 544, Time: 00:02:37

Health: -1/21      AC:  5    Str: 13 (14) XL:     2   Next: 25%
Magic:  3/3        EV: 16    Int:  9 (12) God:
Gold:   30         SH:  0    Dex: 15 (16) Spells: 2/3 levels left

rFire    . . .     SeeInvis +   b - +0 short sword
rCold    . . .     Gourm    .   (no shield)
rNeg     . . .     Faith    .   h - +0 ring mail
rPois    .         Spirit   .   (helmet unavailable)
rElec    .         Reflect  .   (no cloak)
rCorr    .         Harm     .   (no gloves)
MR       .....                  (no boots)
Stlth    ++........             (no amulet)
HPRegen  0.07/turn              (no ring)
MPRegen  0.08/turn              (no ring)

@: agile, lethally poisoned (-1 -> -37)
A: permanent stasis, dig shafts and tunnels, four strong arms, antennae 3
a: Dig, Shaft Self


You were on level 1 of the Dungeon.
You were not hungry.

You visited 1 branch of the dungeon, and saw 1 of its levels.

You collected 30 gold pieces.

Inventory:

Hand Weapons
 a - a +0 hand crossbow
 b - a +0 short sword (weapon)
Missiles
 f - 19 bolts
 j - 21 stones (quivered)
Armour
 c - a +0 leather armour
 e - a +0 robe
 h - a +0 ring mail (worn)
Potions
 g - a potion of agility
 i - a potion of degeneration {!q}
Comestibles
 d - 3 rations {!d}


   Skills:
 + Level 1.5 Fighting
 * Level 2.6 Crossbows
 - Level 1.7 Dodging
 - Level 1.1 Spellcasting
 - Level 3.6 Hexes


You had 2 spell levels left.
You knew the following spells:

 Your Spells              Type           Power        Failure   Level  Hunger
a - Corona                Hex            #......      19%         1    ##.....

Your spell library contained the following spells:

 Spells                   Type           Power        Failure   Level  Hunger
 Slow                     Hex            #.......     28%         2    ###....
 Inner Flame              Hex/Fire       #.......     75%         3    ####...
 Portal Projectile        Hex/Tloc       #.....       75%         3    ####...
 Cause Fear               Hex            #.........   88%         4    #####..
 Leda's Liquefaction      Hex/Erth       #.........   98%         4    #####..


Dungeon Overview and Level Annotations

Branches:
Dungeon (1/15)

Altars:


Innate Abilities, Weirdness & Mutations

You cannot be hasted, slowed, berserked, paralysed or teleported.
You can dig through walls and to a lower floor.
Your four strong arms can wield two-handed weapons with a shield.
You have a pair of large antennae on your head. (SInv)


Message History

* * * LOW HITPOINT WARNING * * *
You are more poisoned.
Throwing (i - inventory)
j - 24 stones (quivered)
Aim: a kobold, wielding a +1 short sword of venom You throw a stone.
The stone closely misses the kobold.
* * * LOW HITPOINT WARNING * * *
You feel very sick. The kobold hits you but does no damage.
You are more poisoned.
Throwing (i - inventory)
j - 23 stones (quivered)
Aim: a kobold, wielding a +1 short sword of venom You throw a stone.
The stone hits the kobold but does no damage.
* * * LOW HITPOINT WARNING * * *
You feel very sick. The kobold barely misses you.
Throwing (i - inventory)
j - 22 stones (quivered)
Aim: a kobold, wielding a +1 short sword of venom You throw a stone.
The stone closely misses the kobold.
You die...

########..#.#.#
########..#.#.####
#.....##..#.#....#
#..<..##..#>###.##
####.....##..#......#
..##.....##.........#
...'.....##..######.#
..#########..(..K##.#
..### #.####@##.#
....## K.. #.##.#
###..# #.### #(...#
##.### ###### #..#
##.# #.# #.# #..


You could see a kobold.

Vanquished Creatures
  A leopard gecko (D:1)
  A bat (D:1)
  A giant cockroach (D:1)
  A goblin (D:1)
  A hobgoblin (D:1)
  2 kobolds (D:1)
  A rat (D:1)
8 creatures vanquished.

Notes
Turn   | Place    | Note
-------+----------+-------------------------------------------
     0 | D:1      | russianmonk1111 the Formicid Arcane Marksman began the
                  | quest for the Orb.
     0 | D:1      | Reached XP level 1. HP: 15/15 MP: 2/2
   464 | D:1      | Reached XP level 2. HP: 18/21 MP: 3/3
   544 | D:1      | Succumbed to a kobold's poison

Vault maps used:
D:1:      dpeg_arrival_rooms_b

Action                   || total
-------------------------++-------
Melee: Short sword       ||    20
       Unarmed           ||     6
 Fire: Hand crossbow     ||    13
Throw: Stone             ||     5
  Use: Potion            ||     2
Armor: Ring mail         ||    19
Dodge: Dodged            ||    19

Table legend:
 A = Non-vault XP
 B = Vault XP
 C = Vault XP percentage of total XP
 D = Non-vault monster count
 E = Vault monster count
 F = Vault count percentage of total count
                 A         B        C        D         E       F
            +---------+---------+-------+---------+---------+-------
      Total |      14 |       0 |   0.0 |       8 |       0 |   0.0
            +---------+---------+-------+---------+---------+-------
        D:1 |      14 |       0 |   0.0 |       8 |       0 |   0.0
            +---------+---------+-------+---------+---------+-------
